 Dungeon Crawl Stone Soup version 0.20.1-1-g8b1a95d (webtiles) character file.

60608 veneficus the Fencer (level 14, -9/125 HPs)
             Began as a Minotaur Fighter on Oct 30, 2017.
             Was the Champion of Uskayaw.
             Mangled by a two-headed ogre
             ... wielding a +0 giant club
              (13 damage)
             ... on level 2 of the Orcish Mines on Oct 31, 2017.
             The game lasted 00:59:16 (20760 turns).

veneficus the Fencer (Minotaur Fighter)            Turns: 20760, Time: 00:59:16

Health: -9/125     AC: 21    Str: 28    XL:     14   Next: 57%
Magic:  18/18      EV: 18    Int:  5    God:    Uskayaw [******]
Gold:   1031       SH: 14    Dex: 15    Spells: 15/17 levels left

rFire    . . .     SeeInvis .   Y - +2 scimitar (flame)
rCold    . . .     Gourm    .   F - +0 shield
rNeg     + . .     Faith    .   x - +1 scale mail {MR+}
rPois    .         Spirit   .   p - +0 hat
rElec    .         Reflect  +   t - +1 cloak
rCorr    .         Harm     .   (no gloves)
MR       ++...                  R - +2 pair of boots
Stlth    ..........             S - +2 amulet of reflection
Regen    0.3/turn               j - +5 ring of protection
MPRegen  0.2/turn               H - ring of positive energy

@: mighty, berserk cooldown
A: retaliatory headbutt, horns 2, repulsion field 1, agile 1, sense surroundings
1
a: Stomp, Line Pass, Grand Finale, Renounce Religion


You were on level 2 of the Orcish Mines.
You worshipped Uskayaw.
Uskayaw was noncommittal.
You were hungry.

You visited 4 branches of the dungeon, and saw 19 of its levels.
You also visited: Ossuary and Ice Cave.

You collected 1486 gold pieces.
You spent 455 gold pieces at shops.

Inventory:

Hand Weapons
 Y - a +2 scimitar of flaming (weapon)
 Z - a +1 double sword of holy wrath
Armour
 k - a +2 plate armour of poison resistance
 p - a +0 hat (worn)
 t - a +1 cloak (worn)
 x - a +1 scale mail of magic resistance (worn)
 F - a +0 shield (worn)
 R - a +2 pair of boots (worn)
Jewellery
 a - an uncursed amulet of magic regeneration
 h - an uncursed ring of ice
 j - a +5 ring of protection (left hand)
 H - a ring of positive energy (right hand)
 L - an uncursed amulet of regeneration
 M - an uncursed ring of resist corrosion
 S - a +2 amulet of reflection (around neck)
 T - an uncursed ring of magical power
 U - an uncursed ring of flight
Wands
 i - a wand of lightning (6/15)
 l - a wand of enslavement (13/24)
 v - a wand of iceblast (1/15)
 A - a wand of polymorph (12/24)
 B - a wand of lightning (11/15)
 G - a wand of flame (11/48)
 V - a wand of clouds (2/9)
 W - a wand of clouds (6/9)
Scrolls
 c - a scroll of brand weapon {unknown}
 d - 9 scrolls of teleportation
 e - 7 scrolls of remove curse
 g - 4 scrolls of fear {unknown}
 o - a scroll of torment {unknown}
 q - 2 scrolls of magic mapping
 s - 3 scrolls of fog
 y - a scroll of vulnerability {unknown}
 D - 2 scrolls of summoning
 O - 4 scrolls of blinking
Potions
 b - a potion of brilliance
 m - 3 potions of ambrosia
 n - a potion of invisibility
 u - 6 potions of curing
 w - 5 potions of heal wounds
 z - 2 potions of agility
 C - 2 potions of lignification
 J - 2 potions of magic
 K - a potion of degeneration {unknown}
 N - 3 potions of haste
 X - 3 potions of flight {unknown}
Comestibles
 Q - 34 fruits


   Skills:
 + Level 11.7 Fighting
 + Level 15.2 Long Blades
 + Level 11.8 Armour
 + Level 10.7 Dodging
 - Level 0.5 Stealth
 - Level 8.0 Shields
 - Level 2.0 Spellcasting
 - Level 8.2 Charms
 + Level 7.8 Invocations


You had 15 spell levels left.
You knew the following spells:

 Your Spells              Type           Power        Failure   Level  Hunger
a - Swiftness             Chrm/Air       #.......     50%         2    ###....


Dungeon Overview and Level Annotations

Branches:
Dungeon (11/15)            Temple (1/1) D:5            Lair (5/6) D:11
 Shoals (0/4) Lair:4       Spider (0/4) Lair:4        Slime (0/5) Lair:5
    Orc (2/2) D:10            Elf (0/3) Orc:2

Altars:
Ashenzari
Cheibriados
Dithmenos
Elyvilon
Fedhas
Gozag
Hepliaklqana
Kikubaaqudgha
Makhleb
Nemelex Xobeh
Qazlal
Ru
Sif Muna
Trog
Uskayaw
Vehumet
Xom
Yredelemnul
Jiyva

Shops:
D:4 %   D:6 :   Orc:1 }

Annotations:
D:7 5 runed doors
D:10 exclusion: oklob sapling
Lair:1 exclusion: 2 oklob plants


Innate Abilities, Weirdness & Mutations

You reflexively headbutt those who attack you in melee.
You have a pair of horns on your head.
You are surrounded by a mild repulsion field. (EV +2)
You are agile. (Dex +2)
You passively map a small area around you.


Message History

The ogre shouts!
You slash the ogre mage! You burn the ogre mage.
The ogre mage is almost dead.
The two-headed ogre hits you with a giant club!
You block the two-headed ogre's attack. The ogre mage closely misses you.
You furiously retaliate!
You headbutt the ogre mage!
The ogre moves out of view.
The ogre hits you with a giant club. The two-headed ogre barely misses you.
You furiously retaliate!
You headbutt the two-headed ogre!!
The two-headed ogre hits you with a giant spiked club!
* * * LOW HITPOINT WARNING * * *
You block the two-headed ogre's attack. The two-headed ogre misses you.
The ogre mage hits you but does no damage.
You slash the ogre mage! You burn the ogre mage.
You kill the ogre mage!
You feel yourself speed up.
The two-headed ogre hits you with a giant club!!
* * * LOW HITPOINT WARNING * * *
The two-headed ogre hits you with a giant spiked club!
You die...

, ###.# , , ...# ##.... , ,
...# #..... , #O.# #####
#.... #.O# ##.#.#####....
#OO###.......##.... , ,
,#OO##.......)......
,,#O[#........)...... , .. ,
#O@##)##.......#... , O...
#.O#)).##.......... #...
*##...#)...#.....#...
###OO###....)#.........##..
...........))##............
*
,......................##..
*. ##.....#..............#..
...#........................
#...........................


You could see 5 two-headed ogres, an ogre mage and 3 ogres.

Vanquished Creatures
  Gastronok (Lair:1)
  Snorg (D:10)
  3 ogre magi (Orc:2)
  Harold (D:10)
  Erolcha (Orc:2)
  Fannar (Lair:2)
  Erica (D:10)
  2 hydras
  6 death yaks (Lair:3)
  11 two-headed ogres
  Urug (D:10)
  The ghost of Frank the Carver, a novice OpFi of Gozag (D:7)
  An orc knight (Orc:1)
  2 wolf spiders (Lair:4)
  2 orc sorcerers (Orc:1)
  A cyclops (Orc:2)
  2 manticores
  7 elephants
  2 ugly things (IceCv)
  3 black mambas
  Psyche (D:11)
  3 ice statues (IceCv)
  A gargoyle (D:11)
  12 spiny frogs
  3 komodo dragons
  5 rime drakes (Lair:4)
  A jumping spider (Lair:4)
  3 trolls
  The ghost of Frank the Slasher, an amateur OpFi (D:3)
  5 blink frogs (Lair:3)
  2 dream sheep (D:9)
  A redback (Lair:4)
  15 hippogriffs
  12 wyverns
  A wraith (Ossuary)
  30 yaks
  A steam dragon (Lair:3)
  A hungry ghost (D:7)
  5 basilisks
  2 wargs
  3 water moccasins
  Duvessa (D:7)
  7 porcupines
  9 orc warriors
  16 ice beasts
  2 phantoms
  21 ogres
  2 black bears
  4 sky beasts
  38 wolves
  12 centaurs
  6 crocodiles
  3 big kobolds (D:9)
  An elf zombie (Ossuary)
  Blork the orc (D:6)
  3 bullfrogs
  A gnoll sergeant (D:9)
  Dowan (D:7)
  8 killer bees
  2 scorpions
  3 wights (D:11)
  2 electric eels (Lair:3)
  A howler monkey (D:5)
  2 bullfrog zombies (D:9)
  4 crimson imps
  9 jellies
  4 hounds
  11 orc priests
  2 bullfrog skeletons
  A centaur skeleton (D:10)
  Jessica (D:3)
  6 iguanas
  9 worker ants
  14 orc wizards
  A hound skeleton (D:5)
  3 mummies (Ossuary)
  6 gnolls
  A howler monkey skeleton (D:7)
  9 adders
  3 shadow imps
  An ooze (Lair:5)
  An adder skeleton (D:7)
  4 worms
  4 dart slugs
  2 leopard geckos
  60 orcs
  7 ball pythons
  8 bats
  6 giant cockroaches
  A gnoll zombie (Ossuary)
  3 hobgoblins
  6 jackals
  2 quokkas (D:8)
  3 frilled lizards
  5 goblins (D:2)
  2 goblin zombies (Ossuary)
  2 hobgoblin zombies (Ossuary)
  A jackal skeleton (D:4)
  7 kobolds
  2 kobold zombies (Ossuary)
  A rat (D:3)
516 creatures vanquished.

Vanquished Creatures (others)
  3 fungi
  2 plants (Lair:4)
5 creatures vanquished.

Grand Total: 521 creatures vanquished

Notes
Turn   | Place    | Note
-------+----------+-------------------------------------------
     0 | D:1      | veneficus the Minotaur Fighter began the quest for the Orb.
     0 | D:1      | Reached XP level 1. HP: 19/19 MP: 0/0
   221 | D:1      | Reached skill level 3 in Long Blades
   285 | D:1      | Reached XP level 2. HP: 26/26 MP: 1/1
   662 | D:2      | Reached skill level 4 in Long Blades
   668 | D:2      | Reached XP level 3. HP: 30/31 MP: 2/2
   723 | D:2      | Found a snail-covered altar of Cheibriados.
   733 | D:2      | Found a blossoming altar of Fedhas.
  1266 | D:3      | Noticed Frank's ghost (amateur OpFi)
  1278 | D:3      | Killed Frank's ghost
  1278 | D:3      | Reached skill level 6 in Long Blades
  1278 | D:3      | Reached XP level 4. HP: 17/39 MP: 3/3
  1278 | D:3      | Reached XP level 5. HP: 20/45 MP: 4/4
  1631 | D:3      | Noticed Jessica
  1650 | D:3      | Killed Jessica
  1650 | D:3      | Reached skill level 7 in Long Blades
  1650 | D:3      | Reached XP level 6. HP: 51/52 MP: 5/5
  1996 | D:4      | Found Loczenuwn's Food Shop.
  2358 | D:4      | Found a hazy altar of Hepliaklqana.
  2865 | D:4      | Reached XP level 7. HP: 60/60 MP: 6/6
  2983 | D:4      | Reached skill level 8 in Long Blades
  3599 | D:5      | Entered Level 5 of the Dungeon
  3599 | D:5      | Found a staircase to the Ecumenical Temple.
  3606 | Temple   | Entered the Ecumenical Temple
  3647 | Temple   | Became a worshipper of Uskayaw the Reveler
  3816 | D:5      | Reached * piety under Uskayaw
  3818 | D:5      | Reached ** piety under Uskayaw
  3832 | D:5      | Reached *** piety under Uskayaw
  3838 | D:5      | Reached **** piety under Uskayaw
  3843 | D:5      | Reached ***** piety under Uskayaw
  3846 | D:5      | Reached skill level 5 in Fighting
  4017 | D:5      | Reached skill level 5 in Armour
  4316 | D:5      | Found a sparkling altar of Nemelex Xobeh.
  4324 | D:5      | Found a stormy altar of Qazlal.
  4327 | D:5      | Found a deep blue altar of Sif Muna.
  4533 | D:5      | Found a blossoming altar of Fedhas.
  4652 | D:6      | Noticed Blork the orc
  4666 | D:6      | Killed Blork the orc
  4666 | D:6      | Reached skill level 9 in Long Blades
  4684 | D:6      | Reached XP level 8. HP: 69/69 MP: 3/7
  4751 | D:6      | Found Muci's Book Boutique.
  5169 | D:7      | Noticed Duvessa
  5169 | D:7      | Noticed Dowan
  5177 | D:7      | Killed Dowan
  5196 | D:7      | Killed Duvessa
  5197 | D:7      | Reached skill level 10 in Long Blades
  5446 | D:7      | Found a sand-covered staircase.
  5446 | D:7      | Noticed Frank's ghost (novice OpFi)
  5458 | D:7      | Killed Frank's ghost
  5458 | D:7      | Reached skill level 11 in Long Blades
  5458 | D:7      | Reached XP level 9. HP: 79/79 MP: 3/8
  5465 | Ossuary  | Entered an ossuary
  6297 | D:7      | Found a runed gate.
  6302 | D:7      | Found a runed door.
  6321 | D:7      | Found a runed door.
  6326 | D:7      | Found a runed gate.
  6382 | D:7      | Found a runed gate.
  6704 | D:8      | Noticed a two-headed ogre
  6717 | D:8      | Killed a two-headed ogre
  6717 | D:8      | Reached skill level 12 in Long Blades
  7393 | D:8      | Found a white marble altar of Elyvilon.
  7664 | D:9      | Gained mutation: Your magical capacity is low. (-10% MP) [potion of mutation]
  7664 | D:9      | Gained mutation: You are covered in fur. (AC +1) [potion of mutation]
  7664 | D:9      | Gained mutation: You do not regenerate when monsters are visible. [potion of mutation]
  7664 | D:9      | Gained mutation: You possess an exceptional clarity of mind. [potion of mutation]
  7665 | D:9      | Lost mutation: You possess an exceptional clarity of mind. [potion of mutation]
  7665 | D:9      | Lost mutation: You do not regenerate when monsters are visible. [potion of mutation]
  7665 | D:9      | Lost mutation: Your magical capacity is low. (-10% MP) [potion of mutation]
  7665 | D:9      | Lost mutation: You are covered in fur. (AC +1) [potion of mutation]
  7665 | D:9      | Gained mutation: Your muscles are strong. (Str +2) [potion of mutation]
  7665 | D:9      | Gained mutation: You have a pair of large horns on your head. [potion of mutation]
  7666 | D:9      | Lost mutation: You have a pair of large horns on your head. [potion of mutation]
  7666 | D:9      | Lost mutation: Your muscles are strong. (Str +2) [potion of mutation]
  7666 | D:9      | Gained mutation: Armour fits poorly on your strangely shaped body. [potion of mutation]
  7666 | D:9      | Gained mutation: You are resistant to hostile enchantments. (MR+) [potion of mutation]
  7680 | D:9      | Reached XP level 10. HP: 62/90 MP: 9/9
  7750 | D:9      | Reached skill level 13 in Long Blades
  7780 | D:9      | Noticed a three-headed hydra
  7784 | D:9      | Killed a four-headed hydra
  8891 | D:10     | Entered Level 10 of the Dungeon
  8895 | D:10     | Noticed Snorg
  8907 | D:10     | Killed Snorg
  8907 | D:10     | Reached skill level 14 in Long Blades
  8907 | D:10     | Reached skill level 10 in Armour
  9039 | D:10     | Noticed Harold
  9055 | D:10     | Killed Harold
  9055 | D:10     | Reached XP level 11. HP: 91/99 MP: 10/10
  9242 | D:10     | Noticed Urug
  9269 | D:10     | Reached skill level 10 in Fighting
  9349 | D:10     | Noticed Erica
  9375 | D:10     | Killed Erica
  9712 | D:10     | Found a staircase to the Orcish Mines.
  9722 | D:10     | Killed Urug
 10042 | D:6      | Bought a book of Air for 455 gold pieces
 10045 | D:6      | Learned a level 2 spell: Swiftness
 10104 | D:11     | Noticed a two-headed ogre
 10112 | D:11     | Killed a two-headed ogre
 10247 | D:10     | Reached skill level 1 in Charms
 10370 | D:11     | Noticed a two-headed ogre
 10380 | D:11     | Killed a two-headed ogre
 10380 | D:11     | Reached skill level 1 in Spellcasting
 10447 | D:11     | Found a staircase to the Lair.
 10448 | D:11     | Noticed Psyche
 10459 | D:11     | Killed Psyche
 10495 | D:11     | HP: 5/101 [orc/trident (5)]
 10676 | D:11     | Reached skill level 5 in Dodging
 10839 | D:11     | Found an ancient bone altar of Kikubaaqudgha.
 11382 | Lair:1   | Entered Level 1 of the Lair of Beasts
 12000 | Lair:1   | Reached XP level 12. HP: 107/110 MP: 14/14
 12311 | Lair:1   | Noticed Gastronok
 12326 | Lair:1   | Killed Gastronok
 12326 | Lair:1   | Reached skill level 5 in Shields
 13089 | Lair:2   | Reached ****** piety under Uskayaw
 13395 | Lair:2   | Reached skill level 1 in Invocations
 13441 | Lair:2   | Reached skill level 5 in Charms
 14064 | Lair:2   | Noticed Fannar
 14075 | Lair:2   | Killed Fannar
 14891 | Lair:3   | Reached XP level 13. HP: 53/116 MP: 15/15
 16529 | Lair:4   | Found a staircase to the Shoals.
 16579 | Lair:3   | Lost mutation: Armour fits poorly on your strangely shaped body. [potion of mutation]
 16579 | Lair:3   | Lost mutation: You are resistant to hostile enchantments. (MR+) [potion of mutation]
 16579 | Lair:3   | Gained mutation: You are surrounded by a mild repulsion field. (EV +2) [potion of mutation]
 16579 | Lair:3   | Gained mutation: You passively map a small area around you. [potion of mutation]
 16579 | Lair:3   | Gained mutation: You are agile. (Dex +2) [potion of mutation]
 16689 | Lair:4   | Found a hole to the Spider Nest.
 16844 | Lair:4   | Reached skill level 5 in Invocations
 18165 | Lair:5   | Found a frozen archway.
 18188 | IceCv    | Entered an ice cave
 18635 | IceCv    | Reached XP level 14. HP: 98/124 MP: 15/17
 19131 | Lair:5   | Reached skill level 10 in Dodging
 19152 | Lair:5   | Found a runed door.
 19152 | Lair:5   | Found a viscous altar of Jiyva.
 19152 | Lair:5   | Found a staircase to the Slime Pits.
 19700 | Orc:1    | Entered Level 1 of the Orcish Mines
 19735 | Orc:1    | Found Gemimpou's Quality Used Wands.
 20262 | Orc:2    | Entered Level 2 of the Orcish Mines
 20296 | Orc:2    | Found a staircase to the Elven Halls.
 20683 | Orc:2    | Noticed Erolcha
 20714 | Orc:2    | Reached skill level 15 in Long Blades
 20725 | Orc:2    | Killed Erolcha
 20760 | Orc:2    | HP: 4/125 [two-headed ogre/giant club (22)]
 20760 | Orc:2    | Mangled by a two-headed ogre

Skill      XL: |  1  2  3  4  5  6  7  8  9 10 11 12 13 14 |
---------------+-------------------------------------------+-----
Long Blades    | 3 4 6 7 9 11 12 14 15 | 15.2
Dodging        | 2 3 5 7 9 10 | 10.7
Fighting       | 4 5 7 8 9 11 | 11.7
Armour         | 4 5 7 8 10 11 | 11.8
Charms         | 3 6 8 |  8.2
Spellcasting   | 2 |  2.0
Shields        | 7 8 |  8.0
Invocations    | 3 6 7 |  7.8
Stealth        | |  0.5

Action                   |  1- 3 |  4- 6 |  7- 9 | 10-12 | 13-15 || total
-------------------------+-------+-------+-------+-------+-------++-------
Melee: Long sword        |    84 |    89 |   111 |       |       ||   284
       Headbutt          |     9 |     9 |    77 |   146 |   138 ||   379
       Falchion          |       |       |   132 |       |       ||   132
       Great sword       |       |       |    50 |   148 |       ||   198
       Double sword      |       |       |       |   406 |   149 ||   555
       Scimitar          |       |       |       |       |   337 ||   337
 Cast: Swiftness         |       |       |       |       |     3 ||     3
Invok: Line Pass         |       |       |     9 |     8 |     3 ||    20
       Stomp             |       |       |     2 |     4 |     4 ||    10
       Grand Finale      |       |       |       |     1 |       ||     1
Evoke: Wand              |       |       |     1 |       |     1 ||     2
  Use: Potion            |     1 |       |     4 |     5 |     3 ||    13
       Scroll            |       |       |    15 |     7 |     6 ||    28
 Stab: Paralysed         |       |       |     8 |    34 |    40 ||    82
       Confused          |       |       |     2 |     2 |       ||     4
  Eat: Chunk             |     1 |     1 |     1 |    19 |    16 ||    38
       Meat ration       |       |     1 |     2 |       |     1 ||     4
       Royal jelly       |       |       |     3 |       |       ||     3
       Bread ration      |       |       |     2 |       |       ||     2
       Fruit             |       |       |       |     4 |     1 ||     5
Armor: Scale mail        |    37 |    26 |    66 |   272 |    91 ||   492
       Leather armour    |       |       |    59 |       |       ||    59
       Plate armour      |       |       |       |       |    35 ||    35
Dodge: Dodged            |    35 |    28 |   130 |   297 |   237 ||   727
Block: Shield            |    47 |    35 |   112 |   187 |   296 ||   677
       Reflection        |       |       |       |       |     8 ||     8
       Rpst.: Long sword |    11 |     9 |    12 |       |       ||    32
       Falchion          |       |       |    13 |       |       ||    13
       Great sword       |       |       |     8 |    20 |       ||    28
       Double sword      |       |       |       |    46 |    15 ||    61
       Scimitar          |       |       |       |       |    30 ||    30
